 Dungeon Crawl Stone Soup version 0.30.0-17-ge0270778cf (webtiles) character file.

Game seed: 4486057532069905380

32 Jeuin the Conjurer (level 3, -1/26 HPs)
             Began as a Draconian Conjurer on May 22, 2023.
             Succumbed to an adder's poison
             ... on level 2 of the Dungeon.
             The game lasted 00:21:06 (1370 turns).

Jeuin the Conjurer (Draconian Conjurer)             Turns: 1370, Time: 00:21:07

Health: -1/26      AC:  5    Str:  9    XL:     3   Next: 8%
Magic:  0/6        EV:  9    Int: 20    God:
Gold:   74         SH:  0    Dex:  9    Spells: 5/6 levels left

rFire   + . .        d - +0 dagger
rCold   . . .        (no shield)
rNeg    . . .        (body armour unavailable)
rPois   .            (helmet restricted)
rElec   .            (no cloak)
rCorr   .            (no gloves)
SInv    .            (no boots)
Will    .....        (no amulet)
Stlth   ++           j - ring of protection from fire
HPRegen 0.24/turn    (no ring)
MPRegen 0.10/turn

%: no passive effects
@: lethally poisoned (-1 -> -8), constricted
A: AC +5, unfitting armour, cold-blooded
a: no special abilities


You were on level 2 of the Dungeon.
You visited 1 branch of the dungeon, and saw 2 of its levels.

You collected 94 gold pieces.
You spent 20 gold pieces at shops.

Inventory:

Hand Weapons
 d - a +0 dagger (weapon)
Missiles
 c - 5 boomerangs
Armour
 h - a +0 chain mail
Jewellery
 j - a ring of protection from fire (left hand)
Scrolls
 k - a scroll of poison
 l - a scroll of noise {unknown}
 m - a scroll of brand weapon {unknown}
 n - a scroll of enchant weapon {unknown}
 o - a scroll of amnesia {unknown}
 p - a scroll of fog {unknown}
Potions
 a - a potion of attraction {unknown}
 b - a potion of lignification {unknown}
 e - a potion of curing {unknown}
 f - a potion of resistance {unknown}
 g - a potion of haste {unknown}
 i - a potion of flight {unknown}


   Skills:
 * Level 1.9 Dodging
 * Level 1.9 Stealth
 * Level 2.2 Spellcasting
 * Level 4.8 Conjurations


You had 5 spell levels left.
You knew the following spells:

 Your Spells              Type           Power      Damage    Failure   Level
a - Magic Dart            Conj           84%        1d7       2%          1

Your spell library contained the following spells:

 Spells                   Type           Power      Damage    Failure   Level
 Searing Ray              Conj           42%        2d6       3%          2
 Dazzling Flash           Conj/Hex       22%        N/A       17%         3
 Blink                    Tloc           4%         N/A       24%         2
 Fulminant Prism          Conj/Hex       5%         3d6       50%         4
 Iskenderun's Mystic Bla  Conj/Tloc      11%        2d4       50%         4
 Manifold Assault         Tloc           2%         N/A       83%         4
 Storm Form               Tmut/Air       1%         N/A       100%        7


Dungeon Overview and Level Annotations

Branches:
Dungeon (2/15)

Altars:

Shops:
D:2 (*[


Innate Abilities, Weirdness & Mutations

Your plain brown scales are hard. (AC +5)
You cannot fit into any form of body armour.
You are cold-blooded and may be slowed by cold attacks.


Message History

You miss the adder.
The adder is almost dead.
You feel sick.
The ball python bites you but does no damage.
The ball python constricts you.
The quokka bites you but does no damage.
The adder bites you but does no damage. The ball python barely misses you.
The ball python constricts you. The frilled lizard barely misses you.
You hit the adder but do no damage.
The adder is almost dead.
You feel sick. The quokka closely misses you.
The adder bites you but does no damage.
The ball python bites you but does no damage.
The ball python constricts you. The frilled lizard bites you.
The quokka bites you.
Casting: Magic Dart (safe; 2% risk of failure)
Confirm with . or Enter, or press ? or * to list all spells.
You don't know that spell.
Casting: Magic Dart (safe; 2% risk of failure)
Confirm with . or Enter, or press ? or * to list all spells.
Aiming: Magic Dart (safe; 2% risk of failure)
Press: ? - help, Shift-Dir - straight line, f - adder, p - quokka
Aim: an adder (almost dead, 100% to hit)
The magic dart hits the adder but does no damage.
The adder is almost dead.
You feel sick. The adder bites you.
* * * LOW HITPOINT WARNING * * *
You are lethally poisoned!
The adder poisons you! The ball python barely misses you.
The ball python constricts you.
* * * LOW HITPOINT WARNING * * *
The quokka bites you.
* * * LOW HITPOINT WARNING * * *
The adder bites you.
* * * LOW HITPOINT WARNING * * *
The frilled lizard closely misses you.
Okay, then.
You closely miss the adder. You tail-slap the adder.
You kill the adder!
You die...

#......# ### .#.......
... ...##..### #.###
........ .....
#...##### .### ...... .
...### .#
#########.###...###.#
#....l@†^.....†.....###
#...$rS...#####.......#
#.........#####..####.#
#.........##.....# .#
#........$##.....## .#
#.....#+#.##......###.#
#..... $##........#..
###### .######.##..##
#.......


You could see a quokka, a ball python and a frilled lizard.

Vanquished Creatures
  An adder (D:2)
  A worm (D:2)
  A dart slug (D:1)
  A bat (D:1)
  4 endoplasms
  A giant cockroach (D:1)
  A goblin (D:1)
  4 kobolds
  A quokka (D:2)
  3 ball pythons
  5 frilled lizards
  7 rats
30 creatures vanquished.

Notes
Turn   | Place    | Note
-------+----------+-------------------------------------------
     0 | D:1      | Jeuin the Draconian Conjurer began the quest for the Orb.
     0 | D:1      | Reached XP level 1. HP: 14/14 MP: 3/3
   220 | D:1      | Reached XP level 2. HP: 18/20 MP: 0/5
   891 | D:2      | Found Enwi Ass's Armour Shoppe.
   935 | D:2      | Found Zoacawou's General Store.
   943 | D:2      | Bought a scroll of identify for 20 gold pieces
   953 | D:2      | Found Eneng's Weapon Boutique.
  1316 | D:2      | Reached XP level 3. HP: 26/26 MP: 0/6
  1369 | D:2      | HP: 1/26 [adder (4)]
  1370 | D:2      | Succumbed to an adder's poison

Illustrated notes

Levels and vault maps discovered:
D:1:      minmay_arrival_glassed_features, layout_basic, minmay_tetromino_o2
D:2:      layout_basic, serial_shops, nicolae_shop_behind_doors, shop, shop,
          shop, nicolae_shop_peninsula

Action                     || total
---------------------------++-------
  Melee: Dagger            ||    21
         Tailslap          ||     4
   Cast: Magic Dart        ||    59
    Use: Potion            ||     1
         Scroll            ||     1
   Stab: Sleeping          ||     2
 Armour: Skin              ||    17
  Dodge: Dodged            ||    25
